 Dungeon Crawl Stone Soup version 0.26-a0-652-gafc20e3620 (webtiles) character file.

Game seed: 14634160816344727541

105 robertstho the Chiller (level 4, -1/37 HPs)
             Began as a Naga Ice Elementalist on Oct 3, 2020.
             Slain by a wight
             ... wielding a +1 war axe
              (11 damage)
             ... on level 2 of the Dungeon.
             The game lasted 00:04:50 (1983 turns).

robertstho the Chiller (Naga Ice Elementalist)      Turns: 1983, Time: 00:04:50

Health: -1/37      AC:  2    Str: 11    XL:     4   Next: 83%
Magic:  3/7        EV:  9    Int: 16    God:
Gold:   86         SH:  0    Dex: 11    Spells: 3/7 levels left

rFire    . . .     SeeInvis +   j - +0 flail
rCold    . . .     Faith    .   (no shield)
rNeg     . . .     Spirit   .   a - +0 robe
rPois    +         Reflect  .   (no helmet)
rElec    .         Harm     .   (no cloak)
rCorr    .         Rampage  .   (no gloves)
MR       .....                  (no barding)
Stlth    ++........             (no amulet)
HPRegen  0.12/turn              (no ring)
MPRegen  0.10/turn              (no ring)

@: drained, very slow
A: large, see invisible, deformed body, poison resistance, slowness 2, spit
poison 1, AC +1
a: Spit Poison


You were on level 2 of the Dungeon.
You visited 1 branch of the dungeon, and saw 2 of its levels.

You collected 86 gold pieces.

Inventory:

Hand Weapons
 j - a +0 flail (weapon)
Armour
 a - a +0 robe (worn)
Jewellery
 d - an uncursed amulet of faith
Scrolls
 c - a scroll of fear {unknown}
Potions
 e - a potion of curing
 f - a potion of might {unknown}
 g - a potion of brilliance {unknown}


   Skills:
 + Level 0.8(0.0) Fighting
 + Level 1.6(0.5) Dodging
 * Level 3.6(2.5) Stealth
 + Level 2.4(1.4) Spellcasting
 * Level 5.4(4.3) Ice Magic


You had 3 spell levels left.
You knew the following spells:

 Your Spells              Type           Power        Failure   Level
a - Freeze                Ice            ###.         3%          1
b - Frozen Ramparts       Ice            ###...       11%         3

Your spell library contained the following spells:

 Spells                   Type           Power        Failure   Level
 Ozocubu's Armour         Ice            ###.....     11%         3
 Hailstorm                Conj/Ice       #.......     65%         4
 Summon Ice Beast         Ice/Summ       #.......     65%         4


Dungeon Overview and Level Annotations

Branches:
Dungeon (2/15)

Altars:
Ashenzari


Innate Abilities, Weirdness & Mutations

You cannot wear boots.
Your serpentine skin is tough. (AC +1)
You have supernaturally acute eyesight. (SInv)
Armour fits poorly on your strangely shaped body.
Your system is resistant to poisons. (rPois)
You cover ground very slowly.
You can spit poison.


Message History

You feel better. The wight hits you with a +1 war axe.
You feel drained.
The wight hits you with a cursed +0 falchion.
The wight hits you with a cursed +0 falchion.
* * * LOW HITPOINT WARNING * * *
You feel drained. The wight completely misses you.
As you read the scroll labeled WAG ISACE NOIH, it crumbles to dust.
It is a scroll of identify.
d - an uncursed amulet of faith The wight barely misses you.
As you read the scroll labeled VENGYU OQ AXU, it crumbles to dust.
It is a scroll of amnesia.
Really abort (and waste the scroll)?
Okay, then.
The wight hits you with a +1 war axe!
* * * LOW HITPOINT WARNING * * *
You feel better.
The wight hits you with a cursed +0 falchion.
* * * LOW HITPOINT WARNING * * *
The wight hits you with a +1 war axe!
You die...

#########....# #....
#.....## #....#
#......###### #....#
#......(..... #....#
#......######
#....######......##
#.z...............#
#.......z.......#.##
.###.......z@..##..#..#
........#########..#..#
........##### #..##.##
............# #.....>#
........###.# #.######
........###.#####.#
..................#
...........h......#
..................#


You could see 3 wights.

Vanquished Creatures
  Robin (D:2)
  An adder (D:2)
  3 gnolls (D:2)
  A worm (D:2)
  2 dart slugs (D:1)
  3 leopard geckos (D:1)
  2 ball pythons (D:1)
  5 bats
  A giant cockroach (D:2)
  7 goblins (D:2)
  6 hobgoblins
  4 jackals (D:2)
  3 kobolds (D:1)
  2 frilled lizards (D:1)
  5 rats (D:1)
46 creatures vanquished.

Notes
Turn   | Place    | Note
-------+----------+-------------------------------------------
     0 | D:1      | robertstho the Naga Ice Elementalist began the quest for
                  | the Orb.
     0 | D:1      | Reached XP level 1. HP: 15/15 MP: 3/3
   520 | D:1      | Reached XP level 2. HP: 20/22 MP: 3/5
   876 | D:1      | Reached XP level 3. HP: 27/28 MP: 1/6
  1057 | D:1      | Found a broken altar of Ashenzari.
  1242 | D:1      | Learned a level 3 spell: Frozen Ramparts
  1332 | D:2      | Noticed Robin
  1337 | D:2      | Killed Robin
  1337 | D:2      | Reached skill level 5 in Ice Magic
  1583 | D:2      | Reached XP level 4. HP: 37/37 MP: 7/7
  1983 | D:2      | Slain by a wight

Illustrated notes

Levels and vault maps discovered:
D:1:      lightli_arrival_lavapool, layout_basic, dk_noncrumbling_4,
          grunt_decor_one_mirror, ashenzari_altar_1
D:2:      layout_basic, lemuel_coloured_pillars_altar, uniq_robin

Skill      XL: |  1  2  3 |
---------------+----------+-----
Ice Magic      | 5 |  5.4
Fighting       | |  0.8
Dodging        | |  1.6
Stealth        | |  3.6
Spellcasting   | |  2.4

Action                   |  1- 3 |  4- 6 || total
-------------------------+-------+-------++-------
Melee: Unarmed           |    21 |       ||    21
       Flail             |       |     3 ||     3
 Cast: Freeze            |    21 |     2 ||    23
       Frozen Ramparts   |     3 |     7 ||    10
 Abil: Spit Poison       |    11 |     3 ||    14
  Use: Scroll            |       |     3 ||     3
       Potion            |       |     3 ||     3
 Stab: Sleeping          |     1 |       ||     1
Armor: Robe              |     9 |     6 ||    15
Dodge: Dodged            |    34 |    12 ||    46

Table legend: (Time is in decaauts)
 A = Elapsed time spent in this place.
 B = Non-inter-level travel time spent in this place.
 C = Inter-level travel time spent in this place.
 D = Time resting spent in this place.
 E = Time spent auto-exploring this place.
 F = Levels seen in this place.
 G = Mean time per level.
                   A        B        C        D        E       F      G
               +--------+--------+--------+--------+--------+-----+--------+
         Total |   2356 |   2341 |     15 |    346 |   1685 |   2 | 1178.0 |
       Dungeon |   2356 |   2341 |     15 |    346 |   1685 |   2 | 1178.0 |
               +--------+--------+--------+--------+--------+-----+--------+

Top non-repeatable levels by time:
     D:1: 1534 daAuts
     D:2: 822 daAuts
